[Event "Washington Open"]
[Site "Redmond, WA"]
[Date "2023.05.28"]
[Round "3"]
[White "Kolar, Jonah"]
[Black "Certain, Malcolm"]
[Result "1-0"]
[ECO "B18"]
[WhiteElo "1329"]
[BlackElo "1170"]
[Annotator "Malcolm Certain"]
[PlyCount "99"]
[EventDate "2023.05.27"]
[EventType "swiss"]
[EventRounds "6"]
[EventCountry "USA"]
[TimeControl "40/7200+10:1800+10"]

1. e4 c6 {The Caro-Kann, which I hadn't played for a while but picked back up
for this tournament as a safe option against 1.e4.} 2. d4 d5 3. Nc3 {The main
line.} dxe4 4. Nxe4 Bf5 {Classical variation.} 5. Ng3 Bg6 6. Nf3 h6 $4 {
Already a big mistake. I was attempting to give a square for my Bishop to
retreat after Ne5, but 7.Ne5 creates big problems after ...Bh7, as White gains
a massive attack on f7 that leads to a winning position. Fortunately, my
opponent missed the idea.} 7. Bc4 $2 (7. Ne5 Bh7 8. Qh5 g6 9. Qf3 Nf6 10. Qb3
Nd5 11. Qxb7 {Here I would have to choose between losing the Rook and taking
on a massive attack here, giving White a huge advantage.}) 7... e6 8. O-O Nf6
9. Re1 Bd6 $1 {I finally prevented Ne5 ideas, and kept White from developing
his dark-squared Bishop to f4.} 10. c3 O-O 11. a4 Qc7 12. Be3 Nbd7 13. Qd2 {
Not a bad move from White, but it allowed a lot of pressure to be placed on
his position down the d-file. e2 was perhaps a safer square for the Queen.}
Rfd8 14. Re2 $2 {With my Rook now aligned with White's Queen, 14.Re2 was too
slow of an idea. It allows for me to play 14...c5 and favorably open the
position.} c5 15. Bb3 $2 {15.Bd3 to prevent tactics and trade light-squared
Bishops would have been stronger.} cxd4 16. Bxd4 $4 {In order to maintain a
reasonable position, White had to take back with the pawn and accept worse
pawn structure. After 16...Bf4, I would have a more active position and could
harass White's pieces perpetually.} Bxg3 $4 {Here I went for a tactical
combination that I thought would win me a piece, but ultimately blundered away
my advantage. I missed the critical resource for White 19.Qf4, which allowed
my opponent to salvage equality.} (16... Bf4 17. Qd1 {17.Be3 loses to ...Bxg3
18.hxg3 Nc5, and 17.Qe1 allows ...Bd3, winning the exchange.} e5 18. Be3 Nc5
19. Rd2 {The most testing defensive line, this still would have led to
multiple pinned pieces and a very passive game for White. With best play, this
is a winning position for Black.}) 17. hxg3 e5 {Attacking the pinned bishop.
If it moves away, say 18.Be3, ...Nc5 wins either the bishop on b3 or the queen.
Thus, 18.Nxe5 is forced.} 18. Nxe5 Nxe5 19. Qf4 $1 {The critical move for
White that I had missed. Every other move lets me remain up a piece, which I
had calculated when I played 16...Bxg3.19.Qf4 escapes the pin on the d4 Bishop
while also pinning my Knight to my Queen, winning back the piece that he lost
with 18.Nxe5.} Nf3+ $1 {My only resource to maintain equality. White has to
win back his piece, so he has two options. He can either take the Knight with
his Queen and allow a skewer, or he can take with the pawn and go into an
endgame with tripled pawns after 20...Qxf4. While that endgame is technically
winning for White, it is practically very difficult to play, and so my
opponent went into the more dynamic exchange sacrifice line.} 20. Qxf3 (20.
gxf3 Qxf4 21. gxf4) 20... Bh5 21. Qd3 Bxe2 22. Qxe2 {With an extra pawn and
two powerful Bishops, White has excellent compensation for the exchange.} Re8
23. Qf3 Ne4 $2 {Not a good move. I wanted to avoid ideas of Bxf6 ruining my
pawn structure, but I shouldn't have been worried, as my Knight was much
weaker than his Bishop. Ne4 gave my opponent too much of an attack, which
ultimately cramped my position for the rest of the game. Qc6 would have been
better; it offers a Queen trade and defends my Knight.} 24. Qg4 Ng5 {The only
reasonable way to defend against checkmate on g7.} 25. f4 Ne6 $1 {The only
move to maintain equality, though practically the position was very difficult
for me to play. The other candidate move, 25...Re4, loses back the exchange
and giving White a passed pawn.} (25... Re4 26. Qf5 Rxd4 27. cxd4) 26. Bxe6 $1
{This prevented me from removing the powerful dark-squared bishop from d4, and
gave me a weak isolated pawn on e6.} fxe6 27. Re1 Qf7 28. Re5 Rad8 29. Bxa7 Ra8
30. Bd4 Rxa4 31. f5 {This move put a lot of pressure on my position, making it
difficult for me to defend, though it is still equal with best play. I can't
take the pawn, as it would lead to a nice removing-the-defender tactic for
White.} Ra6 (31... exf5 32. Rxe8+ Qxe8 33. Qxg7#) 32. b4 {A waiting move with
possible ideas of eventually forcing my Rook off the sixth rank with Bc5 and
b5.} Re7 {I'm now threatening to take on f5, as the Rook now defends g7 and
can no longer be captured with check.} 33. Bc5 $4 {This move leads to a losing
position for White. Unfortunately, I missed the combination that would give me
an edge. I didn't see a good response after 33...exf5 34.Rxf5 (which my
opponent said after the game is what he would have played after exf5), missing
ideas of Qa2+. Other options for White lead to a trade of rooks and a worse
endgame.} Rd7 $4 {Missing the winning idea.} (33... exf5 34. Rxf5 Ra1+ {
35.Kh2 gets caught in a mating net after ...Ree1.} 35. Kf2 Qa2+ 36. Kf3 Qe2+
37. Kf4 Re4#) 34. Rxe6 $4 {This gives me an opportunity to gain substantial
counterplay. Best is the prophylactic move 34.Kh2, prevenging Ra1 from coming
with tempo.} Ra1+ $2 {The tricky 34...h5 would have been a better resource
here, as it forces a trade of both Rooks and Queens. Still, Ra1+ gives a
modest advantage for Black.} (34... h5 35. Qe4 {The Rook has to remain twice
defended.} Rxe6 36. Qxe6 {If 36.fxe6, White once again falls into a mating net
after ...Ra1+ 37.Kh2 Qf1.} Qxe6 37. fxe6 Rd3) 35. Kf2 Rd5 36. f6 Rg5 $4 {
Giving away the advantage. I missed White's next move here, as I thought the
Qh3 was forced in order to defend the Rook. Best was instead 36...Rd2+ 37.Ke3
Rdd1, giving me powerful defended Rooks to attack White's King.} (36... Rd2+
37. Ke3 Rdd1 38. Kf3 g6 {The only move to maintain my advantage in this line,
and one that's very difficult to play, as it gives White a passed pawn and
allows him to gain access to the seventh rank.}) 37. Qe4 $1 {The only move. It
maintains defense of the Rook while also threatening the powerful 38.Re1+.} Rg6
$4 {Right idea, wrong execution. Better was 37...Qg6, offering a Queen trade
in addition to blocking access to h7. Fortunately, my opponent missed the
critical 38.Bd4 to defend the pawn and keep a powerful grip on my position.}
38. Ke2 $4 {Unpinning the f-pawn, but giving away the potential for a sizeable
advantage after 38.Bd4.} Ra2+ 39. Ke1 $1 {Giving the King access to f2. Every
other square allows too much counterplay with ideas of Rxg3 and Qa2+ if Re7 is
played. With the King on e1, Ra1+ can be met with Kf2, attacking the Rook on
g3. An alternate line is given below showing the problems with moving the King
elsewhere.} (39. Kd1 Ra8 40. Bd4 Rxg3 41. Re7 Ra1+ 42. Kd2 Qa2+ 43. Qc2 Rxg2+)
39... Qd7 $4 {The losing move. I attempted to get counterplay by threatening
checkmate, but I missed White's response.} 40. f7+ $1 {Punishing my mistake.}
Qxf7 41. Qxg6 Qxg6 42. Rxg6 {White enters the endgame up a Bishop, giving him
a clear winning advantage.} Kf7 {I played on to get some kind of chances, but
I knew the position was lost.} 43. Rb6 Rxg2 44. Rxb7+ Kf6 45. Bd4+ Kf5 46. Rxg7
Ke4 47. b5 Kd5 48. b6 h5 49. b7 Rb2 50. Ba7 {Here I resigned, as White was
going to promote.} 1-0